 Dungeon Crawl Stone Soup version 0.27-a0-1591-gc56fcc985a (webtiles) character file.

Game seed: 11357694655959486909

178 Majang the Slasher (level 5, -1/33 HPs)
             Began as a Tengu Fighter on July 19, 2021.
             Killed from afar by an orc wizard (4 damage)
             ... with a magic dart
             ... on level 4 of the Dungeon.
             The game lasted 00:05:50 (3000 turns).

Majang the Slasher (Tengu Fighter)                  Turns: 3000, Time: 00:05:54

Health: -1/33      AC:  6    Str: 17    XL:     5   Next: 58%
Magic:  6/6        EV:  8    Int:  8    God:
Gold:   129        SH:  9    Dex: 14    Spells: 4/4 levels left

rFire    + . .     SeeInvis .   a - +0 long sword
rCold    . . .     Faith    .   c - +0 kite shield
rNeg     . . .     Spirit   .   b - +0 scale mail
rPois    .         Reflect  .   (helmet restricted)
rElec    .         Harm     .   (no cloak)
rCorr    .         Rampage  .   (no gloves)
Will     .....                  (boots unavailable)
Stlth    ..........             (no amulet)
HPRegen  0.11/turn              h - ring of protection from fire
MPRegen  0.10/turn              (no ring)

@: flying quickly and evasively, hasted, very quick
A: beak, talons 3, nimble flight
a: no special abilities


You were on level 4 of the Dungeon.
You visited 1 branch of the dungeon, and saw 4 of its levels.

You collected 129 gold pieces.

Inventory:

Hand Weapons
 a - a +0 long sword (weapon)
Missiles
 s - 5 javelins (quivered)
 t - 4 atropa-tipped darts
Armour
 b - a +0 scale mail (worn)
 c - a +0 kite shield (worn)
 e - a +0 buckler
Jewellery
 h - a ring of protection from fire (left hand)
Scrolls
 g - a scroll of amnesia {unknown}
 j - a scroll of fear {unknown}
 k - a scroll of blinking {unknown}
 m - a scroll of enchant armour {unknown}
 n - a scroll of teleportation {unknown}
 p - a scroll of enchant weapon {unknown}
 q - a scroll of identify {unknown}
Potions
 d - a potion of might
 f - a potion of haste
 i - a potion of berserk rage {unknown}
 l - a potion of attraction {unknown}
 o - 2 potions of curing {unknown}
 r - 2 potions of lignification {unknown}


   Skills:
 + Level 4.2 Fighting
 * Level 5.2 Long Blades
 - Level 3.2 Armour
 - Level 3.0 Shields


You had 4 spell levels left.
You didn't know any spells.
Your spell library contained the following spells:

 Spells                   Type           Power      Damage    Failure   Level
 Foxfire                  Conj/Fire      0%         2x1d4     100%        1
 Conjure Flame            Conj/Fire      0%         6-21      100%        3
 Inner Flame              Hex/Fire       0%         N/A       100%        3


Dungeon Overview and Level Annotations

Branches:
Dungeon (4/15)             Temple (0/1) D:4

Altars:
Uskayaw


Innate Abilities, Weirdness & Mutations

You have a beak for a mouth.
You have claws for feet.
Your magical nature lets you fly swiftly and evasively.


Message History

Your peck misses the orc wizard.
The orc wizard is heavily wounded.
You block something's attack.
The orc wizard gestures at you while chanting.
The puff of flame hits you but does no damage.
You resist.
The orc wizard hits you with a +0 dagger. x2
Something hits you but does no damage.
The orc wizard gestures at you while chanting.
The magic dart hits you.
You hit the orc wizard. Your kick misses the orc wizard.
The orc wizard is severely wounded.
You block something's attack.
The orc wizard hits you but does no damage.
The orc wizard points at you and mumbles some strange words.
The puff of flame hits you. You resist.
You closely miss the orc wizard. Your kick misses the orc wizard.
The orc wizard is severely wounded.
Something hits you.
The orc wizard hits you but does no damage.
You block the orc wizard's attack. x2
You hear some strange, mumbled words.
Something tries to affect you, but you resist.
The orc wizard casts a spell.
The orc wizard flickers and vanishes!
You closely miss something. Your kick misses something. You peck something.
The orc wizard points at you and mumbles some strange words.
The magic dart hits you.
* * * LOW HITPOINT WARNING * * *
Something hits you but does no damage. Something hits you.
* * * LOW HITPOINT WARNING * * *
Unknown command.
It was a potion of haste.
You feel yourself speed up. Something hits you but does no damage.
The orc wizard gestures wildly while chanting.
The orc wizard flickers and vanishes!
You hear some strange, mumbled words.
A magic dart appears from out of thin air!
The magic dart hits you.
You die...

*,** *****,,,,,,* ,**
*###*,,,* ,* *#...,,*,** **
#######..###,,*,* *
####...##...#.#,,,,* *
##.........###.#**,,* *
##..>.......#..:.,#,,**
##**##..........{###.###,,,*
...,............@{.'.#..,,**
_..####..PPPP....{.###..*,*
.................#.....*,,*
.#..............#######*,**
.#.............## ***,,*
...............# **,,,**
#.............## **,,,,,**
#............## **,,,,,,,*
#............# *,,,,,,,,*


There were no monsters in sight!

Vanquished Creatures
  2 orc priests (D:3)
  An orc wizard (D:3)
  A gnoll (D:1)
  4 adders
  A dart slug (D:4)
  4 orcs (D:3)
  2 bats
  3 endoplasms (D:3)
  2 giant cockroaches (D:1)
  9 goblins
  A hobgoblin (D:1)
  5 jackals
  3 quokkas
  A ball python (D:3)
  4 frilled lizards
  3 kobolds
  3 rats
49 creatures vanquished.

Notes
Turn   | Place    | Note
-------+----------+-------------------------------------------
     0 | D:1      | Majang the Tengu Fighter began the quest for the Orb.
     0 | D:1      | Reached XP level 1. HP: 14/14 MP: 2/2
    41 | D:1      | Reached XP level 2. HP: 7/19 MP: 3/3
   267 | D:1      | Reached skill level 3 in Long Blades
   533 | D:1      | Reached XP level 3. HP: 23/23 MP: 4/4
   850 | D:1      | Found a faded altar of an unknown god.
  1751 | D:3      | Reached skill level 4 in Long Blades
  1751 | D:3      | Reached XP level 4. HP: 13/29 MP: 5/5
  2271 | D:2      | Gained mutation: Your magical nature lets you fly swiftly
                  | and evasively. [Tengu growth]
  2271 | D:2      | Reached XP level 5. HP: 33/33 MP: 6/6
  2368 | D:3      | Reached skill level 5 in Long Blades
  2970 | D:4      | Found a hide-covered altar of Uskayaw.
  3000 | D:4      | Killed from afar by an orc wizard

Illustrated notes

Levels and vault maps discovered:
D:1:      dpeg_arrival_rhombus, layout_loops_ring,
          chequers_ecumenical_altar_twisty, serial_bayou_crossing
D:2:      layout_basic
D:3:      layout_loops_ring
D:4:      layout_cave_pods, lemuel_doored_altar, mainiacjoe_overflow_boulevard,
          minmay_temple_entry_gardened_gates,
          minmay_a_box_with_orc_wizards_in_it, uniq_natasha

Skill      XL: |  1  2  3  4  5 |
---------------+----------------+-----
Long Blades    | 3 4 5 |  5.2
Fighting       | 4 |  4.2
Armour         | |  3.2
Shields        | |  3.0

Action                   |  1- 3 |  4- 6 || total
-------------------------+-------+-------++-------
Melee: Long sword        |    53 |    56 ||   109
       Kick              |    16 |    16 ||    32
       Peck              |     9 |    12 ||    21
  Use: Scroll            |       |     1 ||     1
       Potion            |       |     1 ||     1
Armor: Scale mail        |    18 |    26 ||    44
Dodge: Dodged            |     8 |    13 ||    21
Block: Kite shield       |    24 |    36 ||    60
       Rpst.: Long sword |     2 |     6 ||     8

Table legend: (Time is in decaauts)
 A = Elapsed time spent in this place.
 B = Non-inter-level travel time spent in this place.
 C = Inter-level travel time spent in this place.
 D = Time resting spent in this place.
 E = Time spent auto-exploring this place.
 F = Levels seen in this place.
 G = Mean time per level.
                   A        B        C        D        E       F      G
               +--------+--------+--------+--------+--------+-----+--------+
         Total |   3015 |   2887 |    128 |    785 |   1683 |   4 |  753.8 |
       Dungeon |   3015 |   2887 |    128 |    785 |   1683 |   4 |  753.8 |
               +--------+--------+--------+--------+--------+-----+--------+

Top non-repeatable levels by time:
     D:3: 1353 daAuts
     D:1: 1008 daAuts
     D:2: 571 daAuts
     D:4: 82 daAuts
